Map: Nekodrec LE

Players

SourSpinach - Winner!

  • Race: Protoss Protoss
  • Spawn Location: 1:00

DKnight - Winner!

  • Race: Protoss Protoss
  • Spawn Location: 1:00

Klotski - Winner!

  • Race: Terran Terran
  • Spawn Location: 12:00

juno - Winner!

  • Race: Terran Terran
  • League: Master
  • Spawn Location: 0:00

redbusman

  • Race: Terran Terran
  • League: Bronze
  • Spawn Location: 12:00

twoshoes

  • Race: Protoss Protoss
  • Spawn Location: 11:00

Kingfischer

  • Race: Terran Terran
  • League: Bronze
  • Spawn Location: 11:00

finessipov

  • Race: Terran Terran
  • League: Platinum
  • Spawn Location: 0:00

VOD

Have the link to the VOD?

Description

Time

  • Played on: July 12, 2020, 11:53 p.m.
  • Length: 4:17
Show
View Real Time Build Order
Export as new Build Order

SourSpinach Protoss - Winner!

Build Orders:  

Get SALT Encoding   

  12  0:01  Probe  
  13  0:13  Probe  
  14  0:18  Pylon  
  14  0:25  Probe  
  15  0:33  Probe  
  15  0:39  Forge  
  15  0:41  Probe  
  17  0:50  Assimilator  
  17  0:54  Probe  
  18  1:11  Pylon  
  18  1:15  Probe  
  19  1:28  Gateway  
  19  1:31  Photon Cannon  
  19  1:38  Pylon  
  19  1:58  Pylon  
  19  1:59  Pylon  
  19  2:00  Pylon  
  19  2:16  Photon Cannon  
  19  2:17  Photon Cannon  
  19  2:19  Photon Cannon  
  19  2:20  Pylon  
  19  2:28  Cybernetics Core  
  19  2:30  Probe  
  19  2:36  Assimilator  
  20  2:38  Probe  
  21  2:50  Photon Cannon  
  21  2:53  Probe  
  22  3:06  Stargate  
  22  3:14  Stargate, Probe  
  23  3:22  Probe  
  24  3:32  Probe  
  25  3:44  Probe  
  34  4:06  Pylon  
Show
View Real Time Build Order
Export as new Build Order

DKnight Protoss - Winner!

Build Orders: Nexus First 

Get SALT Encoding   

  12  0:03  Probe  
  13  0:15  Probe  
  14  0:25  Pylon  
  14  0:27  Probe  
  15  0:43  Probe  
  16  0:58  Nexus  
  16  1:01  Probe  
  17  1:12  Gateway  
  17  1:17  Assimilator  
  17  1:20  Probe  
  18  1:28  Assimilator, Probe  
  19  1:36  Probe  
  19  1:39  Pylon  
  20  1:47  Probe  
  20  1:53  Gateway  
  21  2:05  Cybernetics Core  
  21  2:06  Probe  
  22  2:08  Probe  
  22  2:14  Probe  
  23  2:16  Probe  
  23  2:22  Probe  
  25  2:26  Probe  
  27  2:34  Probe  
  28  2:38  Probe  
  28  2:43  Adept x2  
  33  2:47  Probe  
  33  2:48  Probe  
  35  2:55  Probe  
  35  3:00  Probe  
  35  3:04  Probe  
  37  3:08  Twilight Council  
  37  3:12  Probe, Pylon  
  39  3:17  Probe  
  40  3:24  Probe  
  40  3:26  Pylon  
  41  3:29  Probe  
  42  3:36  Probe  
  42  3:39  Pylon  
  42  3:41  Probe  
  44  3:44  Robotics Facility  
  44  3:48  Probe  
  44  3:49  Probe  
  46  3:57  Probe  
  46  4:01  Probe  
  46  4:02  Gateway x2  
Show
View Real Time Build Order
Export as new Build Order

Klotski Terran - Winner!

Build Orders:  

Get SALT Encoding   

  12  0:01  SCV  
  13  0:13  SCV  
  14  0:19  Supply Depot  
  14  0:25  SCV  
  15  0:40  SCV  
  15  0:42  Barracks  
  16  0:45  Refinery  
  16  0:53  SCV  
  17  1:03  Barracks  
  17  1:05  SCV  
  18  1:17  SCV  
  19  1:22  Barracks  
  19  1:30  Reaper  
  20  1:35  Refinery  
  20  1:52  Supply Depot, Reaper  
  21  2:02  Orbital Command, Reaper  
  22  2:13  Reaper  
  23  2:16  Supply Depot  
  23  2:29  Reaper  
  24  2:32  SCV  
  24  2:35  Reaper  
  26  2:44  SCV  
  26  2:46  Reaper  
  28  3:01  Reaper  
  29  3:07  Reaper  
  29  3:11  SCV  
  31  3:18  Reaper  
  32  3:23  SCV  
  33  3:34  Reaper  
  34  3:39  Reaper  
Show
View Real Time Build Order
Export as new Build Order

juno Terran - Winner!

Build Orders: 2 Factory 

Get SALT Encoding   

  12  0:01  SCV  
  13  0:13  SCV  
  14  0:18  Supply Depot  
  14  0:25  SCV  
  15  0:39  SCV  
  15  0:42  Barracks  
  16  0:48  Refinery  
  16  0:52  SCV  
  17  1:04  SCV  
  18  1:16  SCV  
  19  1:28  SCV  
  20  1:33  Reaper  
  20  1:34  Command Center  
  21  1:40  SCV  
  21  1:46  Refinery  
  22  1:52  SCV  
  23  2:07  Orbital Command  
  23  2:10  Barracks Reactor  
  23  2:31  Factory  
  23  2:46  Supply Depot, SCV  
  23  2:51  Orbital Command  
  24  2:58  SCV  
  25  3:04  Barracks Tech Lab  
  25  3:10  SCV  
  26  3:15  Factory Tech Lab  
  26  3:20  Starport  
  26  3:22  SCV  
  26  3:24  Factory, Hellion x2  
  31  3:34  SCV  
  31  3:38  SCV  
  33  3:46  SCV  
  34  3:51  Hellion  
  36  3:56  SCV  
  36  3:58  Refinery, SCV  
Show
View Real Time Build Order
Export as new Build Order

redbusman Terran 

Build Orders:  

Get SALT Encoding   

  12  0:01  SCV  
  13  0:13  SCV  
  14  0:24  Supply Depot  
  14  0:29  SCV  
  15  0:45  SCV  
  16  0:52  Barracks  
  16  0:58  SCV  
  17  1:09  Refinery  
  17  1:14  SCV  
  18  1:29  SCV  
  19  1:34  Refinery  
  19  1:41  SCV  
  20  1:54  Orbital Command  
  20  2:02  Command Center  
  20  2:14  Factory  
  20  2:29  Engineering Bay  
  20  2:56  SCV  
  21  2:59  Factory Tech Lab  
  21  3:08  SCV  
  22  3:15  Starport  
  22  3:21  SCV  
  22  3:22  Marine  
  24  3:33  SCV  
  25  3:36  Siege Tank  
  25  3:40  Marine  
  29  3:45  SCV  
  30  3:58  Marine  
Show
View Real Time Build Order
Export as new Build Order

twoshoes Protoss 

Build Orders: 1 Gate Expand 

Get SALT Encoding   

  12  0:01  Probe  
  13  0:15  Pylon  
  13  0:20  Probe  
  14  0:37  Probe  
  14  0:42  Gateway  
  15  0:45  Assimilator  
  15  0:46  Probe  
  16  0:54  Probe  
  16  1:04  Probe  
  18  1:32  Nexus  
  18  1:49  Zealot  
  20  1:55  Assimilator  
  20  1:58  Cybernetics Core  
  19  2:03  Pylon  
  19  2:19  Zealot  
  19  2:54  Probe  
  20  3:05  Zealot  
  22  3:06  Probe  
  23  3:18  Probe  
  21  3:25  Gateway  
  18  3:30  Probe  
  18  3:32  Zealot  
  11  3:42  Probe  
Show
View Real Time Build Order
Export as new Build Order

Kingfischer Terran 

Build Orders:  

Get SALT Encoding   

  12  0:01  SCV  
  13  0:14  SCV  
  14  0:22  Supply Depot  
  14  0:26  SCV  
  15  0:33  Refinery  
  15  0:44  SCV  
  15  0:48  Barracks  
  16  0:56  SCV  
  17  1:08  SCV  
  18  1:42  Marine  
  18  1:46  SCV  
  20  1:50  Factory  
  20  1:59  Marine  
  19  2:17  Marine  
  19  2:48  Starport  
Show
View Real Time Build Order
Export as new Build Order

finessipov Terran 

Build Orders:  

Get SALT Encoding   

  12  0:01  SCV  
  13  0:13  SCV  
  14  0:18  Supply Depot  
  14  0:25  SCV  
  15  0:40  SCV  
  16  0:43  Barracks  
  16  0:52  SCV  
  17  0:59  Refinery  
  17  1:09  SCV  
  18  1:21  SCV  
  19  1:33  Command Center  
  19  1:37  Marine  
  20  1:41  Orbital Command  
  20  1:55  Marine  
  21  2:13  Marine  
  22  2:26  Factory  
  22  2:36  Supply Depot  
  22  2:38  Supply Depot  
  18  3:10  Factory Tech Lab  
  18  3:23  Marine  
  20  3:34  SCV  
  20  3:37  Siege Tank  
  20  3:40  Marine  
  24  3:58  Marine  
Tags
 
Add a new tag
Caveats
  • Supply blocks, unpowered buildings, or Contaminate may cause inaccurate times.
  • Supply counts are checked every 10 seconds.